General information
- name: BNet
- type: Ladder team game (AT/RT)
- host: Battle.net
- saver: kt.
map: MarketSquare
- players: 8
- length: 40:45
- speed: Fast
- version: 1.26 W3XP
- replay type: Public
» download(216 KB)
Players
team 1 (loser)
M.I.A (
orange | 66 APM | 2185 actions | 33:12)
6 Archmage
2 Summon Water Elemental
3 Brilliance Aura
1 Mass Teleport
5 Mountain King
3 Storm Bolt
2 Bash
» actions
| Assign group hotkey | 39 | |
| Basic commands | 173 | |
| Build / train | 107 | |
| Enter build submenu | 38 | |
| Enter hero's abilities submenu | 11 | |
| Give item / drop item | 3 | |
| Remove unit from queue | 2 | |
| Right click | 730 | |
| Select / deselect | 443 | |
| Select group hotkey | 506 | |
| Use ability | 133 | |
2185 total
» units
| Peasant | 25 | |
| Footman | 10 | |
| Gryphon Rider | 14 | |
| Dragonhawk Rider | 1 | |
50 total
» upgrades
| Masonry | 3 | |
| Lumber Harvesting | 2 | |
| Storm Hammers | 1 | |
| Swords | 3 | |
| Gunpowder | 1 | |
| Plating | 0 | |
| Armor | 3 | |
| Magic Sentry | 1 | |
| Cloud | 1 | |
15 total
» buildings
| Altar of Kings | 1 | |
| Farm | 11 | |
| Barracks | 1 | |
| Lumber Mill | 1 | |
| Keep | 1 | |
| Town Hall | 4 | |
| Scout Tower | 22 | |
| Arcane Vault | 2 | |
| Arcane Tower | 2 | |
| Gryphon Aviary | 3 | |
| Castle | 1 | |
| Guard Tower | 11 | |
| Blacksmith | 1 | |
| Arcane Sanctum | 1 | |
62 total
» build order
00:20 Altar of Kings
00:23 Farm
00:37 Barracks
01:03 Farm
01:45 Farm
02:00 Lumber Mill
03:03 Farm
04:00 Keep
04:16 Town Hall
04:32 Scout Tower
05:04 Arcane Vault
05:10 Arcane Tower
05:13 Scout Tower
06:32 Gryphon Aviary
06:33 Castle
06:39 Scout Tower
06:40 Guard Tower
07:11 Guard Tower
07:11 Scout Tower
07:12 Scout Tower
07:23 Gryphon Aviary
07:41 Guard Tower
07:52 Gryphon Aviary
08:32 Guard Tower
08:37 Farm
08:37 Farm
08:38 Farm
08:40 Farm
08:46 Arcane Vault
09:00 Scout Tower
09:01 Scout Tower
09:01 Scout Tower
09:02 Scout Tower
09:44 Farm
09:45 Farm
09:46 Farm
10:01 Arcane Tower
10:02 Guard Tower
11:22 Guard Tower
11:44 Blacksmith
11:45 Scout Tower
11:46 Scout Tower
15:06 Guard Tower
15:09 Arcane Sanctum
17:31 Town Hall
21:51 Town Hall
22:50 Town Hall
23:58 Scout Tower
24:20 Scout Tower
24:20 Scout Tower
24:20 Scout Tower
24:46 Guard Tower
25:00 Guard Tower
25:22 Guard Tower
26:16 Guard Tower
26:19 Scout Tower
26:19 Scout Tower
26:20 Scout Tower
28:29 Scout Tower
28:30 Scout Tower
28:30 Scout Tower
28:31 Scout Tower
» items
| Orb of Fire | 1 | |
| Scroll of Town Portal | 3 | |
| Scroll of Regeneration | 4 | |
| Boots of Speed | 1 | |
| Potion of Healing | 2 | |
11 total
BloodAndTears (
pink | 50 APM | 2019 actions | 40:43)
6 Archmage
3 Summon Water Elemental
2 Brilliance Aura
1 Mass Teleport
» actions
| Assign group hotkey | 51 | |
| Basic commands | 327 | |
| Build / train | 98 | |
| Enter build submenu | 51 | |
| Enter hero's abilities submenu | 6 | |
| Give item / drop item | 2 | |
| Remove unit from queue | 2 | |
| Right click | 569 | |
| Select / deselect | 454 | |
| Select group hotkey | 321 | |
| Use ability | 138 | |
2019 total
» units
| Peasant | 21 | |
| Footman | 4 | |
| Gryphon Rider | 10 | |
| Dragonhawk Rider | 3 | |
38 total
» upgrades
| Masonry | 3 | |
| Lumber Harvesting | 2 | |
| Swords | 3 | |
| Armor | 3 | |
| Animal War Training | 1 | |
| Storm Hammers | 1 | |
| Cloud | 1 | |
14 total
» buildings
| Altar of Kings | 1 | |
| Barracks | 1 | |
| Farm | 12 | |
| Scout Tower | 18 | |
| Arcane Tower | 1 | |
| Arcane Vault | 1 | |
| Lumber Mill | 1 | |
| Keep | 1 | |
| Town Hall | 1 | |
| Guard Tower | 11 | |
| Castle | 1 | |
| Gryphon Aviary | 11 | |
| Blacksmith | 2 | |
| Arcane Sanctum | 1 | |
63 total
» build order
00:20 Altar of Kings
00:35 Barracks
00:50 Farm
00:57 Farm
01:35 Farm
01:55 Scout Tower
02:10 Farm
02:30 Arcane Tower
03:30 Arcane Vault
04:09 Lumber Mill
04:51 Keep
05:12 Town Hall
06:41 Scout Tower
06:41 Scout Tower
06:42 Scout Tower
06:53 Scout Tower
06:54 Scout Tower
06:55 Scout Tower
06:56 Scout Tower
07:11 Scout Tower
07:13 Scout Tower
07:15 Scout Tower
07:16 Scout Tower
07:18 Scout Tower
07:46 Guard Tower
07:52 Guard Tower
08:02 Guard Tower
08:02 Guard Tower
08:03 Guard Tower
08:08 Guard Tower
08:24 Guard Tower
08:33 Guard Tower
09:26 Castle
10:35 Gryphon Aviary
10:36 Gryphon Aviary
10:36 Gryphon Aviary
10:37 Gryphon Aviary
10:41 Blacksmith
10:42 Blacksmith
10:44 Gryphon Aviary
12:33 Farm
12:39 Scout Tower
12:39 Scout Tower
13:29 Guard Tower
13:33 Scout Tower
13:33 Scout Tower
13:34 Scout Tower
14:05 Guard Tower
14:06 Guard Tower
14:08 Arcane Sanctum
19:40 Farm
19:41 Farm
20:16 Gryphon Aviary
20:16 Gryphon Aviary
20:17 Gryphon Aviary
20:17 Gryphon Aviary
20:17 Gryphon Aviary
20:21 Gryphon Aviary
20:32 Farm
22:16 Farm
28:46 Farm
28:48 Farm
» items
| Lesser Clarity Potion | 3 | |
| Scroll of Town Portal | 6 | |
| Scroll of Regeneration | 6 | |
| Potion of Healing | 4 | |
| Mechanical Critter | 2 | |
| Staff of Teleportation | 1 | |
| Staff of Sanctuary | 1 | |
23 total
Sinalas (
blue | 71 APM | 2892 actions | 40:43)
5 Archmage
3 Blizzard
2 Brilliance Aura
5 Mountain King
3 Storm Bolt
2 Bash
» actions
| Assign group hotkey | 77 | |
| Basic commands | 335 | |
| Build / train | 72 | |
| ESC pressed | 4 | |
| Enter build submenu | 26 | |
| Enter hero's abilities submenu | 10 | |
| Give item / drop item | 6 | |
| Remove unit from queue | 1 | |
| Right click | 923 | |
| Select / deselect | 617 | |
| Select group hotkey | 732 | |
| Use ability | 89 | |
2892 total
» units
| Peasant | 10 | |
| Rifleman | 8 | |
| Knight | 7 | |
| Priest | 5 | |
30 total
» upgrades
| Long Rifles | 1 | |
| Plating | 3 | |
| Animal War Training | 1 | |
| Lumber Harvesting | 1 | |
| Priest Training | 2 | |
| Masonry | 1 | |
| Swords | 1 | |
10 total
» buildings
| Lumber Mill | 1 | |
| Altar of Kings | 1 | |
| Farm | 11 | |
| Blacksmith | 1 | |
| Barracks | 2 | |
| Arcane Vault | 1 | |
| Keep | 2 | |
| Castle | 2 | |
| Arcane Sanctum | 1 | |
| Town Hall | 2 | |
| Scout Tower | 3 | |
27 total
» build order
00:07 Lumber Mill
00:25 Altar of Kings
00:37 Farm
01:36 Blacksmith
01:43 Farm
02:03 Barracks
02:30 Arcane Vault
02:57 Keep
02:57 Keep
03:11 Farm
03:13 Farm
04:05 Farm
06:30 Castle
06:31 Barracks
06:55 Farm
07:37 Farm
08:13 Farm
10:54 Farm
11:11 Arcane Sanctum
11:26 Farm
11:29 Farm
18:42 Town Hall
18:43 Scout Tower
18:43 Scout Tower
18:44 Scout Tower
22:36 Town Hall
» items
| Scroll of Regeneration | 3 | |
| Lesser Clarity Potion | 1 | |
| Scroll of Town Portal | 4 | |
| Orb of Fire | 1 | |
| Potion of Healing | 1 | |
10 total
WEBLESSFIENDS (
yellow | 3 APM | 132 actions | 38:35)
» actions
| Build / train | 2 | |
| Right click | 26 | |
| Select / deselect | 104 | |
132 total
» upgrades
| Sorceress Training | 1 | |
| Priest Training | 1 | |
2 total
team 2 (winner)
I_markis (
red | 71 APM | 1171 actions | 16:22)
6 Blademaster
2 Wind Walk
3 Critical Strike
1 Bladestorm
1 Tauren Chieftain
1 Endurance Aura
» actions
| Assign group hotkey | 10 | |
| Basic commands | 11 | |
| Build / train | 54 | |
| Enter build submenu | 20 | |
| Enter hero's abilities submenu | 7 | |
| Give item / drop item | 3 | |
| Right click | 692 | |
| Select / deselect | 111 | |
| Select group hotkey | 162 | |
| Use ability | 101 | |
1171 total
» units
| Peon | 11 | |
| Raider | 4 | |
| Wind Rider | 2 | |
| Troll Batrider | 4 | |
21 total
» upgrades
| Armor | 1 | |
| Ensnare | 1 | |
| Shaman Training | 2 | |
4 total
» buildings
| Altar of Storms | 1 | |
| Orc Burrow | 5 | |
| Voodoo Lounge | 1 | |
| War Mill | 1 | |
| Stronghold | 1 | |
| Watch Tower | 3 | |
| Beastiary | 2 | |
| Spirit Lodge | 1 | |
| Fortress | 1 | |
| Great Hall | 1 | |
17 total
» build order
00:35 Altar of Storms
00:41 Orc Burrow
01:25 Voodoo Lounge
02:01 Orc Burrow
02:12 War Mill
02:23 Orc Burrow
03:26 Stronghold
03:52 Watch Tower
03:56 Watch Tower
04:19 Watch Tower
06:33 Beastiary
06:35 Beastiary
06:38 Spirit Lodge
06:41 Fortress
07:16 Orc Burrow
09:11 Great Hall
09:58 Orc Burrow
» items
| Healing Salve | 4 | |
| Lesser Clarity Potion | 4 | |
| Circlet of Nobility | 1 | |
| Boots of Speed | 1 | |
| Potion of Mana | 1 | |
| Potion of Lesser Invulnerability | 1 | |
| Orb of Lightning | 1 | |
| Scroll of Town Portal | 1 | |
| Potion of Healing | 2 | |
| Orb of Corruption | 1 | |
17 total
kt. (
green | 94 APM | 3826 actions | 40:45)
9 Archmage
3 Summon Water Elemental
3 Brilliance Aura
1 Mass Teleport
2 Blizzard
» actions
| Assign group hotkey | 166 | |
| Basic commands | 59 | |
| Build / train | 193 | |
| Enter build submenu | 67 | |
| Enter hero's abilities submenu | 9 | |
| Give item / drop item | 5 | |
| Right click | 1310 | |
| Select / deselect | 442 | |
| Select group hotkey | 1249 | |
| Use ability | 326 | |
3826 total
» units
| Peasant | 17 | |
| Footman | 9 | |
| Gryphon Rider | 9 | |
| Dragonhawk Rider | 9 | |
44 total
» upgrades
| Masonry | 3 | |
| Lumber Harvesting | 2 | |
| Swords | 3 | |
| Armor | 4 | |
| Animal War Training | 1 | |
| Storm Hammers | 1 | |
| Reinforced Defenses | 1 | |
| Cloud | 1 | |
| Spiked Barricades | 1 | |
17 total
» buildings
| Altar of Kings | 1 | |
| Barracks | 1 | |
| Farm | 15 | |
| Arcane Vault | 1 | |
| Lumber Mill | 1 | |
| Keep | 3 | |
| Town Hall | 1 | |
| Scout Tower | 31 | |
| Guard Tower | 68 | |
| Castle | 3 | |
| Blacksmith | 1 | |
| Gryphon Aviary | 3 | |
| Spirit Tower | 1 | |
| Watch Tower | 8 | |
138 total
» build order
01:08 Altar of Kings
01:14 Barracks
01:17 Farm
01:20 Farm
01:23 Farm
01:42 Farm
02:13 Arcane Vault
02:17 Lumber Mill
02:39 Farm
04:41 Keep
04:41 Keep
04:42 Keep
04:46 Town Hall
04:48 Scout Tower
04:50 Scout Tower
04:51 Scout Tower
04:52 Scout Tower
04:54 Scout Tower
04:57 Scout Tower
05:51 Guard Tower
06:00 Guard Tower
06:00 Guard Tower
06:01 Guard Tower
06:10 Guard Tower
06:22 Guard Tower
06:23 Guard Tower
06:23 Guard Tower
06:23 Guard Tower
06:52 Scout Tower
06:56 Scout Tower
06:56 Scout Tower
06:58 Scout Tower
06:59 Scout Tower
07:00 Scout Tower
07:04 Scout Tower
07:22 Guard Tower
07:22 Guard Tower
07:23 Castle
07:24 Castle
07:30 Guard Tower
07:30 Guard Tower
07:30 Guard Tower
07:30 Guard Tower
07:31 Guard Tower
07:31 Guard Tower
07:32 Guard Tower
07:57 Guard Tower
07:57 Guard Tower
07:57 Guard Tower
07:57 Guard Tower
07:59 Guard Tower
07:59 Guard Tower
08:19 Blacksmith
09:08 Gryphon Aviary
09:10 Gryphon Aviary
09:12 Gryphon Aviary
12:02 Farm
12:03 Farm
12:05 Farm
13:12 Spirit Tower
13:40 Scout Tower
13:40 Scout Tower
13:41 Scout Tower
13:42 Scout Tower
13:45 Scout Tower
14:25 Guard Tower
14:25 Guard Tower
14:25 Guard Tower
14:28 Scout Tower
14:31 Scout Tower
14:32 Scout Tower
14:34 Scout Tower
14:35 Scout Tower
15:10 Guard Tower
15:10 Guard Tower
15:10 Guard Tower
15:10 Guard Tower
15:27 Guard Tower
15:30 Guard Tower
15:30 Guard Tower
15:31 Guard Tower
15:31 Guard Tower
16:31 Scout Tower
16:31 Scout Tower
16:34 Scout Tower
17:09 Guard Tower
17:09 Guard Tower
18:19 Farm
18:19 Farm
18:38 Scout Tower
18:39 Scout Tower
18:40 Scout Tower
18:42 Scout Tower
18:44 Scout Tower
19:18 Guard Tower
19:19 Guard Tower
19:19 Guard Tower
19:19 Guard Tower
19:20 Guard Tower
19:20 Guard Tower
19:22 Guard Tower
19:22 Guard Tower
19:22 Guard Tower
19:23 Guard Tower
19:35 Watch Tower
20:15 Watch Tower
20:39 Farm
20:41 Farm
21:11 Watch Tower
22:15 Watch Tower
22:20 Watch Tower
22:30 Watch Tower
22:38 Watch Tower
22:48 Watch Tower
30:26 Farm
30:27 Farm
30:29 Farm
» items
| Scroll of Regeneration | 5 | |
| Mechanical Critter | 6 | |
| Scroll of Town Portal | 2 | |
| Potion of Healing | 1 | |
| Staff of Sanctuary | 1 | |
| Potion of Lesser Invulnerability | 1 | |
| Scroll of Protection | 2 | |
| Scroll of Healing | 2 | |
20 total
We_Ted (
teal | 171 APM | 883 actions | 05:09)
2 Death Knight
1 Death Coil
1 Unholy Aura
» actions
| Assign group hotkey | 7 | |
| Basic commands | 2 | |
| Build / train | 19 | |
| Enter build submenu | 12 | |
| Enter hero's abilities submenu | 2 | |
| Right click | 399 | |
| Select / deselect | 71 | |
| Select group hotkey | 351 | |
| Use ability | 20 | |
883 total
» units
| Acolyte | 3 | |
| Ghoul | 1 | |
| Crypt Fiend | 5 | |
9 total
» buildings
| Graveyard | 1 | |
| Crypt | 2 | |
| Ziggurat | 4 | |
| Altar of Darkness | 2 | |
| Tomb of Relics | 1 | |
| Halls of the Dead | 3 | |
13 total
» build order
00:06 Graveyard
00:09 Crypt
00:12 Crypt
00:38 Ziggurat
00:44 Altar of Darkness
00:46 Altar of Darkness
00:58 Ziggurat
01:24 Tomb of Relics
02:01 Ziggurat
03:40 Halls of the Dead
03:41 Halls of the Dead
04:10 Ziggurat
» items
| Rod of Necromancy | 1 | |
| Dust of Appearance | 1 | |
| Sacrificial Skull | 1 | |
3 total

»
Weezy (
purple | 40 APM | 665 actions | 16:43)
2 Pandaren Brewmaster
1 Breath of Fire
1 Drunken Brawler
1 Death Knight
1 Unholy Aura
1 Crypt Lord
1 Carrion Beetles
» actions
| Assign group hotkey | 7 | |
| Basic commands | 99 | |
| Build / train | 38 | |
| Enter build submenu | 13 | |
| Enter hero's abilities submenu | 4 | |
| Give item / drop item | 3 | |
| Right click | 172 | |
| Select / deselect | 119 | |
| Select group hotkey | 187 | |
| Use ability | 23 | |
665 total
» units
| Peon | 8 | |
| Grunt | 5 | |
| Ghoul | 6 | |
| Troll Headhunter/Berserker | 7 | |
26 total
» upgrades
» buildings
| Orc Burrow | 5 | |
| Altar of Storms | 1 | |
| Barracks | 1 | |
| War Mill | 1 | |
| Stronghold | 1 | |
| Watch Tower | 1 | |
| Black Citadel | 1 | |
| Fortress | 1 | |
| Great Hall | 1 | |
13 total
» build order
00:20 Orc Burrow
02:33 Altar of Storms
03:15 Orc Burrow
04:13 Barracks
05:44 War Mill
05:48 Orc Burrow
06:43 Orc Burrow
07:54 Stronghold
08:17 Orc Burrow
09:19 Watch Tower
09:22 Black Citadel
11:07 Fortress
12:40 Great Hall
» items
| Potion of Invisibility | 1 | |
| Potion of Lesser Invulnerability | 1 | |
2 total
Chat log
(00:14 / Allies) I_markis: TED not participating in WCA Q_Q
(00:22 / Allies) I_markis: no UD left
(00:26 / All) BloodAndTears: we are all ted
(00:31 / All) BloodAndTears: each of us one and all
(00:45 / Allies) Weezy: peon in base green dont trip
(00:56 / Allies) kt.: aight what's it for
(01:07 / Allies) Weezy: food etc.
(01:16 / Allies) I_markis: if you're making shop give teal a shop
(01:17 / Allies) Weezy: ok?
(01:21 / Allies) kt.: k
(01:22 / Allies) I_markis: he has ana ctually shit shop
(03:36 / Allies) Weezy: feed?
(04:38 / Allies) kt.: Thanks for creeping my green camp you fucking prick
(05:04 / Allies) I_markis: chill you're human, you can anal rape creeps easy
(05:04 / Allies) Weezy: good enough?
(05:16 / Allies) Weezy: Cake
(05:17 / Allies) kt.: wtf
(06:23 / Allies) Weezy: scout teal
(06:51 / Allies) I_markis: they took mid
(06:56 / Allies) I_markis: i jacked lvl 10 creep
(06:58 / Allies) I_markis: but they got item
(07:41 / All) BloodAndTears: lol faggot
(07:54 / All) I_markis: you're using the gay tower race
(08:00 / All) BloodAndTears: as are you retardo
(08:01 / All) I_markis: not me
(08:05 / All) BloodAndTears: orc towers too
(08:09 / All) Sinalas: ^
(09:39 / All) I_markis: lol 10 towers per expo
(09:52 / All) Sinalas: Your ally is no better.
(10:04 / All) I_markis: people like infi
(10:05 / All) BloodAndTears: bm should not complain about cheese
(10:08 / All) I_markis: makes warcraft die
(10:10 / All) BloodAndTears: lol
(10:12 / All) BloodAndTears: 5 towers
(10:15 / All) BloodAndTears: "infinite"
(10:16 / All) I_markis: yea bm used to be the "OP"
(10:17 / Allies) Weezy: traces
(10:19 / All) I_markis: now orc is weakest race
(10:23 / All) BloodAndTears: Yeah sure
(10:48 / All) BloodAndTears: BM is race of its own
(10:52 / All) BloodAndTears: wow
(10:55 / All) BloodAndTears: It's amazing
(11:00 / All) BloodAndTears: Two different creep jacks
(11:10 / All) I_markis: you solo creep magic immune shit with 1 am?
(11:12 / All) I_markis: wtf?
(11:22 / All) BloodAndTears: You creep jack me immediately each tiem?
(11:55 / All) BloodAndTears: mher
(12:17 / All) BloodAndTears: boohoo towers
(12:19 / Allies) Weezy: out
(12:23 / All) BloodAndTears: and right clcik
(12:38 / All) I_markis: I'm not good enough of a player to win vs autoattacking towers
(12:41 / All) I_markis: sry
(12:43 / All) BloodAndTears: and harass base
(12:44 / All) BloodAndTears: with raiders
(13:16 / All) Sinalas: Solo hero BM and he trash talks like no tomorrow...
(13:16 / All) BloodAndTears: two hero kills on my AM already
(13:18 / All) BloodAndTears: 2 creep jacks
(13:21 / All) BloodAndTears: and whining about towers
(13:22 / All) BloodAndTears: Pathetic
(14:07 / Allies) kt.: shitload of gryphons
(14:33 / Allies) Weezy: great dont grab web but ping
(14:40 / Allies) Weezy: L
(14:57 / Allies) Weezy: LLLLLL
(15:03 / Allies) Weezy: GF
(15:31 / All) BloodAndTears: nice upgraded burrows
(15:39 / Allies) Weezy: ya talk
(15:42 / All) I_markis: lol using the unit taht has no counter
(15:44 / All) Sinalas: We get it pink, he's bad
(15:46 / Allies) Weezy: dk
(15:47 / All) I_markis: I'm too weak sry
(15:57 / All) BloodAndTears: yeah
(15:59 / All) BloodAndTears: griffs have no counter
(16:02 / All) Sinalas: lol
(16:10 / All) Sinalas: Mass gryphs are e-z to take care of..
(16:14 / All) I_markis: even mass bats and actual AA don't work in 1v1 against it
(16:15 / All) M.I.A: 3v4 lmfao
(16:19 / All) I_markis: which is funny
(16:23 / All) M.I.A: 3v4 HAHA
(16:31 / Allies) Weezy: griif aint ground!!!
(16:40 / Allies) kt.: wood me
(16:42 / Allies) kt.: if you got spare
(28:15 / All) BloodAndTears: shieeet
(31:13 / All) BloodAndTears: Hehe
(31:26 / All) BloodAndTears: YOU LOSE ORANGE
(31:29 / All) BloodAndTears: YOU GET NOTHING
(31:31 / All) BloodAndTears: GOOD DAY SIR
(31:36 / All) M.I.A: lol 1v1 me noob
(31:41 / All) BloodAndTears: I just did
(31:42 / All) BloodAndTears: and I won
(31:43 / All) BloodAndTears: mad?
(31:49 / All) M.I.A: ill host?
(31:50 / All) M.I.A: :)
(31:54 / All) BloodAndTears: I just beat you 1v1
(31:58 / All) M.I.A: scared?
(31:59 / All) M.I.A: dodge
(32:02 / All) M.I.A: hahahah
(32:03 / All) BloodAndTears: mad?
(32:05 / All) BloodAndTears: mad you lost?
(32:10 / All) BloodAndTears: orange salty he lost 1v1
(32:11 / All) M.I.A: its okay to be scared
(32:21 / All) M.I.A: i would be scared too if i were u
(32:23 / All) BloodAndTears: I'm 1-0 vs you
(32:26 / All) BloodAndTears: how mad you are?
(32:55 / All) BloodAndTears: I'm 2-0 vs allies in this game
(33:11 / All) M.I.A: nooby clan HPMM if you keen to lose
(33:19 / All) BloodAndTears: how mad he is
(33:25 / All) kt.: he mad he's 1-1
(34:21 / All) BloodAndTears: He still wants 1v1 lol!
(34:35 / All) kt.: you should rape him a second time
(35:26 / All) BloodAndTears: my sister on his cock righht now he says
(36:34 / All) kt.: cute peasant split blue
(36:51 / All) kt.: 2-4
(37:37 / All) Sinalas: Huh? Split? Im tabbed lol
(37:43 / All) kt.: guess it was yellow then
(40:11 / All) BloodAndTears: gg